 Dungeon Crawl Stone Soup version 0.28.0-47-ge53b351184 (webtiles) character file.

Game seed: 5990984159041302757

23 101zpm the Magician (level 3, -4/25 HPs)
             Began as a Djinni Ice Elementalist on Apr 26, 2022.
             Slain by a goblin
             ... wielding a +0 dagger
             ... led by Robin
              (5 damage)
             ... on level 1 of the Dungeon.
             The game lasted 00:02:13 (1063 turns).

101zpm the Magician (Djinni Ice Elementalist)       Turns: 1063, Time: 00:02:13

Health: -4/25      AC:  2    Str:  7    XL:     3   Next: 10%
Gold:   65         EV: 12    Int: 18    God:
                   SH:  0    Dex: 13

rFire   + + .      SeeInvis .   (no weapon)
rCold   x . .      Faith    .   (no shield)
rNeg    . . .      Spirit   .   a - +0 robe
rPois   ∞          Reflect  .   (no helmet)
rElec   .          Harm     .   (no cloak)
rCorr   .          Rampage  .   (no gloves)
Will    .....                   (boots unavailable)
Stlth   ++........              (no amulet)
HPRegen 0.08/turn               (no ring)
MPRegen 0.00/turn               (no ring)

@: flying
A: sickness immunity, fire resistance 2, cold vulnerability 1, float, innate
caster, HP casting, extra vitality 1
a: no special abilities


You were on level 1 of the Dungeon.
You visited 1 branch of the dungeon, and saw 2 of its levels.

You collected 65 gold pieces.

Inventory:

Armour
 a - a +0 robe (worn)
 f - an orb of energy
Scrolls
 b - a scroll of teleportation {unknown}
 c - 2 scrolls of identify {unknown}
 d - a scroll of enchant armour {unknown}
 e - a scroll of amnesia {unknown}
Potions
 g - a potion of might {unknown}


   Skills:
 + Level 2.2 Dodging
 + Level 1.6 Stealth
 + Level 3.8 Spellcasting


You couldn't memorise any spells.
You knew the following spells:

 Your Spells              Type           Power      Damage    Failure   Level
a - Freeze                Ice            68%        1d8       3%          1
b - Frozen Ramparts       Ice            34%        1d5       9%          3
c - Ozocubu's Armour      Ice            17%        N/A       9%          3
d - Hailstorm             Conj/Ice       17%        3d6       30%         4
e - Foxfire               Conj/Fire      68%        2x1d7     3%          1
Your spell library was empty.

Dungeon Overview and Level Annotations

Branches:
Dungeon (2/15)

Altars:

Annotations:
D:2 Robin


Innate Abilities, Weirdness & Mutations

You are immune to sickness and miasma.
You are immune to poison.
Your flesh is very heat resistant. (rF++)
You are vulnerable to cold. (rC-)
You float through the air rather than walking.
You learn spells naturally, not from books.
Your magical power is your life essence.
You have superior vitality. (+4 MHP)


Message History

A hobgoblin comes into view.
The hobgoblin shouts!
Robin and a goblin come into view.
A goblin comes into view. It is wielding a +0 club.
A frilled lizard comes into view. 3 goblins come into view.
The goblin shouts! x3; You hear a shout!
Robin shouts!
A goblin comes into view. It is wielding a +0 dagger.
The goblin barely misses you. Robin throws the goblin at you!
The goblin shouts!
The goblin barely misses you.
Robin roars a battlecry!
The goblins go into a battle-frenzy!
The goblin closely misses you.
The frilled lizard hisses angrily.
You hear a shout!
The goblin unwields a +0 club.
The goblin wields a +0 hunting sling.
The goblin shoots a stone.
The stone hits you. Robin throws the goblin at you!
The goblin hits you with a +0 dagger.
There is an escape hatch in the ceiling here.
Robin throws the goblin at you!
The goblin hits you with a +0 dagger. x3
* * * LOW HITPOINT WARNING * * *
A mysterious force pulls you upwards. The hatch slams shut behind you.
You are too injured to fight recklessly!
You are too injured to fight recklessly!
Aiming: Freeze (safe; 3% risk of failure)
Press: ? - help, Q - select action, (/) - cycle Shift-Dir - straight line, f - goblin
Aim: a goblin, wielding a +0 dagger (strong)
You freeze the goblin.
The goblin is severely wounded.
* * * LOW HITPOINT WARNING * * *
The goblin closely misses you. The goblin barely misses you.
The goblin hits you with a +0 dagger.
* * * LOW HITPOINT WARNING * * *
You don't have enough health to cast this spell.
You don't have enough health to cast this spell.
Unknown command.
You don't have enough health to cast this spell.
You don't have enough health to cast this spell.
The goblin barely misses you. The goblin hits you with a +0 dagger.
You die...

#.#....####.....####.#
# #...####
##.......#.### # ##.##
####.####......#### #
#.# #.................#
# #.#
#.......#....#.##.#####
#.#
#.......#......##......
#.#
#......#....###########
#.#
#.......#...#8§§≈≈≈≈≈8#
#.#
#....g@g#...#.........#
#.#
#....g..##.##..:......#
#.#
##########.##....8....'
#.#######
#.##<...8....'
#....>..# #####
#..#.........#
#######.#
#...######.........#
#.#
#.#.....(#8≈§≈≈≈§≈8#
#.#
#...################
#.####.## ########.##.


You could see 3 goblins.

Vanquished Creatures
  A dart slug (D:1)
  3 giant cockroaches (D:1)
  3 goblins (D:1)
  2 hobgoblins (D:1)
  4 jackals (D:1)
  2 ball pythons (D:1)
  2 frilled lizards (D:1)
17 creatures vanquished.

Notes
Turn   | Place    | Note
-------+----------+-------------------------------------------
     0 | D:1      | 101zpm the Djinni Ice Elementalist began the quest for the
                  | Orb.
     0 | D:1      | Reached XP level 1. HP: 15/15 MP: 0/0
   189 | D:1      | Reached XP level 2. HP: 16/21 MP: 0/0
   682 | D:1      | Reached XP level 3. HP: 23/25 MP: 0/0
   682 | D:1      | Learned a level 1 spell: Foxfire
  1051 | D:2      | Noticed Robin
  1062 | D:1      | HP: 1/25 [goblin/+0 dagger[Robin] (5)]
  1063 | D:1      | Slain by a goblin

Illustrated notes

Levels and vault maps discovered:
D:1:      lightli_arrival_noodles, layout_loops_cross, minmay_pentomino_q2
D:2:      layout_basic, chequers_ecumenical_altar_simple,
          nicolae_figureground_sparkle, uniq_robin

Action                   || total
-------------------------++-------
Melee: Unarmed           ||     1
 Cast: Freeze            ||    27
Armor: Robe              ||     7
Dodge: Dodged            ||    25
